 Dungeon Crawl Stone Soup version 0.27-a0-1434-g6f15984924 (webtiles) character file.

Game seed: 9362850979037578922

44 Brandom the Insei (level 3, -2/24 HPs)
             Began as an Octopode Transmuter on July 2, 2021.
             Slain by a hobgoblin (4 damage)
             ... on level 2 of the Dungeon.
             The game lasted 00:04:02 (1325 turns).

Brandom the Insei (Octopode Transmuter)             Turns: 1325, Time: 00:04:03

Health: -2/24      AC:  1    Str:  9    XL:     3   Next: 60%
Magic:  6/6        EV: 13    Int: 16    God:
Gold:   11         SH:  0    Dex: 14    Spells: 5/6 levels left

rFire    . . .     SeeInvis .     - Unarmed
rCold    . . .     Faith    .   (no shield)
rNeg     . . .     Spirit   .   (helmet restricted)
rPois    .         Reflect  .   (no amulet)
rElec    .         Harm     .   (no ring)
rCorr    .         Rampage  .   (no ring)
Will     .....     Rnd*Tele +   (no ring)
Stlth    ++........             (no ring)
HPRegen  0.08/turn              (no ring)
MPRegen  0.10/turn              (no ring)
                                (no ring)
                                (no ring)

@: no status effects
A: almost no armour, amphibious, 8 rings, camouflage 1, gelatinous body 1,
(nimble swimmer 1), tentacles, agile 1, teleportitis 1
a: no special abilities


You were on level 2 of the Dungeon.
You visited 1 branch of the dungeon, and saw 2 of its levels.

You collected 11 gold pieces.

Inventory:

Scrolls
 a - a scroll of identify {unknown}


   Skills:
 * Level 2.0 Fighting
 + Level 2.3 Dodging
 + Level 3.2 Unarmed Combat
 + Level 2.3 Spellcasting
 + Level 2.4 Transmutations


You had 5 spell levels left.
You knew the following spells:

 Your Spells              Type           Power      Damage    Failure   Level
a - Beastly Appendage     Tmut           18%        N/A       8%          1

Your spell library contained the following spells:

 Spells                   Type           Power      Damage    Failure   Level
 Wereblood                Tmut           9%         N/A       11%         2
 Spider Form              Tmut/Pois      2%         N/A       36%         3
 Ice Form                 Ice/Tmut       5%         N/A       77%         4


Dungeon Overview and Level Annotations

Branches:
Dungeon (2/15)

Altars:
Gozag


Innate Abilities, Weirdness & Mutations

You cannot wear most types of armour.
You are amphibious.
You can wear up to eight rings at the same time.
Your skin changes colour to match your surroundings (Stealth+).
Your rubbery body absorbs attacks. (AC +1, EV +1)
((You are camouflaged near water. (Stealth+)))
You have tentacles for arms and can constrict up to eight enemies at once.
You are agile. (Dex +2)
You are occasionally teleported next to monsters.


Message History

You squeeze the endoplasm, but do no damage.
The endoplasm completely misses you.
You tentacle-slap the endoplasm. You squeeze the endoplasm.
The endoplasm freezes you.
You are frozen.
* * * LOW HITPOINT WARNING * * *
You tentacle-slap the endoplasm.
You kill the endoplasm!
You start resting.
A rat is nearby!
Unknown command.
You are too injured to fight recklessly!
You are too injured to fight recklessly!
A hobgoblin comes into view.
It is quivering boomerangs of dispersal.
Found a scroll labelled UWISSOS WOILY.
You tentacle-slap the rat.
You kill the rat!
The hobgoblin throws a boomerang of dispersal.
The boomerang of dispersal barely misses you.
A hobgoblin comes into view.
Found an opulent altar of Gozag.
You barely miss the hobgoblin.
The hobgoblin shouts!
Your grab misses the hobgoblin. The hobgoblin hits you.
* * * LOW HITPOINT WARNING * * *
You tentacle-slap the hobgoblin. You grab the hobgoblin.
You constrict the hobgoblin, but do no damage.
You release your grip on the hobgoblin.
The hobgoblin throws a boomerang of dispersal.
The boomerang of dispersal closely misses you.
The hobgoblin throws a boomerang of dispersal.
The boomerang of dispersal hits you.
* * * LOW HITPOINT WARNING * * *
You blink.
An adder comes into view.
You see here 21 stones.
The hobgoblin throws a boomerang of dispersal.
The boomerang of dispersal hits you.
* * * LOW HITPOINT WARNING * * *
You blink.
The hobgoblin throws a boomerang of dispersal.
The boomerang of dispersal closely misses you.
Unknown command.
You tentacle-slap the hobgoblin.
You kill the hobgoblin!
You tentacle-slap the hobgoblin but do no damage.
You grab the hobgoblin. You squeeze the hobgoblin.
You constrict the hobgoblin, but do no damage.
The hobgoblin hits you.
You die...

......####.....
..............#
#..............##
#...............#
#...............####
###...................
......................
..........@...........
..........g(..........
_.......................#
.?.......................
.............(..........#
#......................[.
##.......................
#.......................
##########............(.


You could see a hobgoblin.

Vanquished Creatures
  2 dart slugs
  3 ball pythons (D:1)
  7 bats (D:1)
  4 endoplasms
  A giant cockroach (D:1)
  4 goblins (D:1)
  5 hobgoblins
  2 jackals (D:1)
  4 frilled lizards (D:1)
  3 kobolds (D:1)
  2 rats
37 creatures vanquished.

Notes
Turn   | Place    | Note
-------+----------+-------------------------------------------
     0 | D:1      | Brandom the Octopode Transmuter began the quest for the
                  | Orb.
     0 | D:1      | Reached XP level 1. HP: 13/13 MP: 3/3
   252 | D:1      | Reached XP level 2. HP: 15/18 MP: 3/5
   536 | D:1      | Gained mutation: You are occasionally teleported next to
                  | monsters. [potion of mutation]
   536 | D:1      | Gained mutation: You are agile. (Dex +2) [potion of
                  | mutation]
   551 | D:1      | Reached XP level 3. HP: 2/24 MP: 6/6
   600 | D:1      | HP: 1/24 [frozen (5)]
  1311 | D:2      | Found an opulent altar of Gozag.
  1325 | D:2      | Slain by a hobgoblin

Illustrated notes

Levels and vault maps discovered:
D:1:      beargit_arrival_diablo_church, layout_loops_ring
D:2:      layout_rooms, basic_altar, shapermc_ecumenical_altar_flowoftime,
          serial_curves, eino_curves_03, eino_curves_02, serial_shops,
          nicolae_shop_window_shopping, uniq_jessica

Skill      XL: |  1  2  3 |
---------------+----------+-----
Fighting       | 2 |  2.0
Dodging        | |  2.3
Unarmed Combat | |  3.2
Spellcasting   | |  2.3
Transmutations | |  2.4

Action                   || total
-------------------------++-------
Melee: Unarmed           ||    87
       Constrict         ||    25
       Tentacles         ||    17
       Kick              ||    16
       Punch             ||     2
 Cast: Beastly Appendage ||     8
  Use: Potion            ||     1
 Stab: Sleeping          ||     4
Armor: Skin              ||     7
Dodge: Dodged            ||    74

Table legend: (Time is in decaauts)
 A = Elapsed time spent in this place.
 B = Non-inter-level travel time spent in this place.
 C = Inter-level travel time spent in this place.
 D = Time resting spent in this place.
 E = Time spent auto-exploring this place.
 F = Levels seen in this place.
 G = Mean time per level.
                   A        B        C        D        E       F      G
               +--------+--------+--------+--------+--------+-----+--------+
         Total |   1321 |   1286 |     35 |    180 |    726 |   2 |  660.5 |
       Dungeon |   1321 |   1286 |     35 |    180 |    726 |   2 |  660.5 |
               +--------+--------+--------+--------+--------+-----+--------+

Top non-repeatable levels by time:
     D:1: 1265 daAuts
     D:2: 55 daAuts
